 Dungeon Crawl Stone Soup version 0.29.1-15-g9cfb28693d (webtiles) character file.

Game seed: 192609032304608864

3668 Peloso the Carver (level 9, -3/81 HPs)
             Began as a Minotaur Fighter on Apr 29, 2023.
             Killed from afar by a steam dragon (7 damage)
             ... with a ball of steam
             ... on level 8 of the Dungeon.
             The game lasted 00:10:52 (6477 turns).

Peloso the Carver (Minotaur Fighter)                Turns: 6477, Time: 00:10:53

Health: -3/81      AC: 14    Str: 23    XL:     9   Next: 89%
Magic:  8/8        EV:  9    Int:  5    God:
Gold:   424        SH:  5    Dex: 12    Spells: 8/8 levels left

rFire   . . .      SeeInvis .   a - +1 long sword (vamp)
rCold   . . .      Faith    .   d - +0 buckler
rNeg    . . .      Spirit   .   c - +0 chain mail
rPois   .          Reflect  .   (helmet restricted)
rElec   .          Harm     .   (no cloak)
rCorr   +          Rampage  .   j - +0 pair of gloves
Will    .....                   r - +0 pair of boots
Stlth   ..........              (no amulet)
HPRegen 0.23/turn               h - ring of resist corrosion
MPRegen 0.11/turn               (no ring)

@: no status effects
A: horns 2, retaliatory headbutt
a: no special abilities


You were on level 8 of the Dungeon.
You visited 2 branches of the dungeon, and saw 9 of its levels.

You collected 424 gold pieces.

Inventory:

Hand Weapons
 a - a +1 vampiric long sword (weapon)
Armour
 b - a +0 scale mail
 c - a +0 chain mail (worn)
 d - a +0 buckler (worn)
 j - a +0 pair of gloves (worn)
 r - a +0 pair of boots (worn)
Jewellery
 h - a ring of resist corrosion (left hand)
 k - an amulet of magic regeneration
Wands
 p - a wand of paralysis (3)
 u - a wand of iceblast (17)
Scrolls
 i - a scroll of brand weapon
 m - 4 scrolls of teleportation
 n - a scroll of fear
 q - 2 scrolls of enchant weapon
 s - 2 scrolls of amnesia
 t - 2 scrolls of silence {unknown}
 w - a scroll of magic mapping {unknown}
Potions
 e - a potion of might
 f - a potion of brilliance
 g - a potion of resistance


   Skills:
 + Level 7.8 Fighting
 + Level 11.0 Long Blades
 + Level 9.4 Armour
 + Level 3.0 Dodging
 + Level 1.5 Stealth
 + Level 6.6 Shields
 + Level 0.1 Evocations


You had 8 spell levels left.
You didn't know any spells.
Your spell library contained the following spells:

 Spells                   Type           Power      Damage    Failure   Level
 Apportation              Tloc           0%         N/A       98%         1
 Poisonous Vapours        Pois/Air       0%         N/A       99%         2
 Corpse Rot               Necr/Pois/Air  0%         N/A       100%        4
 Alistair's Intoxication  Tmut/Pois      0%         N/A       100%        5


Dungeon Overview and Level Annotations

Branches:
Dungeon (8/15)             Temple (1/1) D:4            Lair (0/5) D:8

Altars:
Ashenzari
Cheibriados
Elyvilon
Fedhas
Gozag
Hepliaklqana
Kikubaaqudgha
Makhleb
Nemelex Xobeh
Qazlal
Sif Muna
Trog
Vehumet
Wu Jian
Xom
Yredelemnul
Zin
The Shining One
Ignis

Shops:
D:1 :   D:5 (   D:7 =

Annotations:
D:8 Maggie, Maurice


Innate Abilities, Weirdness & Mutations

You have a pair of horns on your head.
You reflexively headbutt those who attack you in melee.


Message History

A yak comes into view.
You slash the yak!
You feel better.
The yak is moderately wounded.
The yak barely misses you.
Unknown command.
Found 6 gold pieces.
The white imp disappears for a moment.
The yak gores you.
* * * LOW HITPOINT WARNING * * *
The yak gores you but does no damage. You block the yak's attack.
A steam dragon comes into view.
The steam dragon hisses angrily.
The white imp gestures at you. The puff of frost hits you.
* * * LOW HITPOINT WARNING * * *
The yak attacks as you move away! The yak gores you but does no damage.
The yak attacks as you move away! The yak gores you but does no damage.
The killer bee stings you but does no damage.
You block the killer bee's attack.
As you read the scroll of fear, it crumbles to dust.
You assume a fearsome visage.
The white imp looks frightened!
The killer bee looks frightened!
The ice beast looks frightened!
The steam dragon looks frightened!
The yak looks frightened! x6
You hear the faint creaking of a portcullis nearby.
Found 3 stones and 12 gold pieces.
Found a dagger.
Cornered, the steam dragon turns to fight!
You barely miss the steam dragon. You headbutt the steam dragon!
The steam dragon is moderately wounded.
You feel a little less mighty now. The steam dragon completely misses you.
The steam dragon barely misses you.
You slash the steam dragon!
The steam dragon is severely wounded.
The steam dragon bites you but does no damage.
The steam dragon claws you but does no damage.
You completely miss the steam dragon.
The steam dragon is severely wounded.
The steam dragon breathes steam at you. The ball of steam hits you!
You die...

##+##+# ### #......$.
#)# #............ #D#
#...........# #@#
#...........# #.#
#...........
##.###.####..........
..................Y###+#
..................##≈≈.≈
.................##≈≈...
.....(...........#≈≈....
.................#§.....
.................Y..Y.#


You could see a steam dragon (catching breath).

Vanquished Creatures
  Erica (D:8)
  Pikel (D:4)
  Prince Ribbit (D:5)
  Menkaure (D:6)
  A water moccasin (D:7)
  A black bear (D:6)
  3 ogres
  A centaur (D:7)
  4 phantoms
  A bullfrog (D:7)
  Blork the orc (D:5)
  A gnoll sergeant (D:7)
  2 scorpions
  3 wights (D:5)
  4 killer bees (D:8)
  3 howler monkeys
  5 hounds
  An orc priest (D:5)
  A gnoll bouda (D:6)
  4 iguanas
  3 orc wizards
  10 gnolls
  9 adders
  A shadow imp (D:7)
  2 white imps (D:6)
  2 ufetubi
  2 worms
  3 dart slugs
  16 orcs
  3 ball pythons
  3 bats
  9 endoplasms
  3 giant cockroaches
  8 goblins
  7 hobgoblins
  4 jackals
  A quokka (D:1)
  3 training dummies (D:5)
  5 frilled lizards
  4 kobolds
  5 rats
143 creatures vanquished.

Vanquished Creatures (others)
  An orc wizard (D:4)
1 creature vanquished.

Grand Total: 144 creatures vanquished

Notes
Turn   | Place    | Note
-------+----------+-------------------------------------------
     0 | D:1      | Peloso the Minotaur Fighter began the quest for the Orb.
     0 | D:1      | Reached XP level 1. HP: 19/19 MP: 0/0
   135 | D:1      | Reached XP level 2. HP: 27/27 MP: 1/1
   145 | D:1      | Found Daixem's Book Boutique.
   330 | D:1      | Reached XP level 3. HP: 24/33 MP: 2/2
   528 | D:1      | Reached skill level 3 in Long Blades
  1338 | D:2      | Reached XP level 4. HP: 40/40 MP: 3/3
  1532 | D:3      | Found a basalt altar of Yredelemnul.
  1604 | D:3      | Reached skill level 4 in Long Blades
  1778 | D:3      | Found a white marble altar of Elyvilon.
  2195 | D:3      | Found a shimmering altar of Xom.
  2198 | D:3      | Found a shimmering blue altar of Sif Muna.
  2363 | D:4      | Noticed an ogre
  2420 | D:4      | Noticed a phantom
  2441 | D:4      | Killed a phantom
  2442 | D:4      | Reached skill level 5 in Armour
  2442 | D:4      | Reached XP level 5. HP: 39/47 MP: 4/4
  2509 | D:4      | Noticed a phantom
  2517 | D:4      | Killed an ogre
  2518 | D:4      | Reached skill level 5 in Long Blades
  2518 | D:4      | Reached XP level 6. HP: 27/53 MP: 5/5
  2623 | D:4      | Reached skill level 5 in Fighting
  2623 | D:4      | Reached skill level 6 in Long Blades
  2845 | D:4      | Reached XP level 7. HP: 27/61 MP: 4/6
  3116 | D:4      | Found a staircase to the Ecumenical Temple.
  3243 | Temple   | Entered the Ecumenical Temple
  3366 | D:5      | Entered Level 5 of the Dungeon
  3390 | D:5      | Reached skill level 1 in Dodging
  3402 | D:5      | Reached skill level 7 in Long Blades
  3443 | D:5      | Noticed Pikel
  3606 | D:4      | Killed Pikel
  3607 | D:4      | Reached skill level 1 in Stealth
  3607 | D:4      | Reached skill level 5 in Shields
  3607 | D:4      | Reached XP level 8. HP: 29/70 MP: 7/7
  3686 | D:5      | Reached skill level 8 in Long Blades
  3971 | D:5      | Noticed Blork the orc
  3982 | D:5      | Killed Blork the orc
  4621 | D:5      | Noticed Prince Ribbit
  4631 | D:5      | Killed Prince Ribbit
  4632 | D:5      | Reached skill level 9 in Long Blades
  4722 | D:5      | Found Fudgh's Firing Range.
  4874 | D:6      | Noticed Menkaure
  4888 | D:6      | Killed Menkaure
  4889 | D:6      | Reached XP level 9. HP: 17/78 MP: 8/8
  5401 | D:6      | Found an opulent altar of Gozag.
  5719 | D:7      | Found Tick's Jewellery Shop.
  6134 | D:7      | Reached skill level 10 in Long Blades
  6403 | D:8      | Found a radiant altar of Vehumet.
  6414 | D:8      | Noticed Maurice
  6414 | D:8      | Noticed Erica
  6415 | D:8      | Found a staircase to the Lair.
  6419 | D:8      | Noticed Maggie
  6425 | D:8      | Killed Erica
  6426 | D:8      | Reached skill level 11 in Long Blades
  6464 | D:8      | HP: 2/81 [white imp/puff of frost (6)]
  6477 | D:8      | Killed from afar by a steam dragon

Illustrated notes

Levels and vault maps discovered:
D:1:      lemuel_arrival_rhombus, layout_rooms, serial_shops, shop
D:2:      layout_loops_ring
D:3:      layout_basic, nicolae_overflow_crystal_walls, minitemple,
          mainiacjoe_overflow_boulevard, minmay_misc_feat_nine_boxes
D:4:      layout_rooms, minmay_temple_entry_ruins
D:5:      layout_basic, nicolae_shop_firing_range, uniq_pikel,
          uniq_blork_the_orc, uniq_prince_ribbit1
D:6:      layout_cave_pools, lemuel_doored_altar, uniq_menkaure
D:7:      layout_rooms, serial_shops, shop
D:8:      layout_basic, vehumet_crystals, okawaru_altar_gauntlet_db,
          lair_entry_dummy, enter_bailey_5, kennysheep_potato, uniq_maurice,
          uniq_erica, uniq_maggie
Temple:   pdpol_scorched_temple

Skill      XL: |  1  2  3  4  5  6  7  8  9 |
---------------+----------------------------+-----
Fighting       | 4 5 6 7 |  7.8
Armour         | 4 5 6 8 9 |  9.4
Shields        | 4 5 6 |  6.6
Long Blades    | 3 4 5 6 7 9 11 | 11.0
Dodging        | 1 2 3 |  3.0
Stealth        | 1 |  1.5
Evocations     | |  0.1

Action                   |  1- 3 |  4- 6 |  7- 9 || total
-------------------------+-------+-------+-------++-------
Melee: Long sword        |    95 |   129 |   275 ||   499
       Headbutt          |    14 |    15 |    43 ||    72
Evoke: Wand              |       |     2 |       ||     2
  Use: Scroll            |     4 |     3 |     5 ||    12
       Potion            |     3 |     1 |     3 ||     7
Armor: Chain mail        |    64 |    72 |   159 ||   295
Dodge: Dodged            |    38 |    38 |    98 ||   174
Block: Buckler           |    24 |    24 |    68 ||   116
